TOP OF THE 1ST |
Rio Grande Rattlesnake batting - Pitching for Reading Rainbows : RHP Matt Barlow
|
Pitching: RHP Matt Barlow
|
|
Batting: RHB Jaime Delgado
|
0-0: Ball 1-0: Ball 2-0: Ball 3-0: Called Strike 3-1: DOUBLE (Line Drive, 7D)
|
Batting: SHB William Daly
|
0-0: Ball Jaime Delgado steals 3rd base 1-0: Called Strike 1-1: Swinging Strike 1-2: Foul Ball, location: 2F 1-2: Ball 2-2: Ball 3-2: Strikes out swinging
|
Batting: RHB Gilberto Silva
|
0-0: Ball 1-0: Called Strike 1-1: Ball 2-1: Foul Ball, location: 2F 2-2: Ground out 6-3 (Groundball, 6) Jaime Delgado scores
|
Batting: LHB Claudio Rodríguez
|
0-0: Ball 1-0: Ball 2-0: Foul Ball, location: 2F 2-1: Fly out, F8 (Line Drive, 8RM)
|
Top of the 1st over - 1 run(s), 1 hit(s), 0 error(s), 0 left on base; Rio Grande 1 - Reading 0 |
BOTTOM OF THE 1ST |
Reading Rainbows batting - Pitching for Rio Grande Rattlesnake : RHP Bryce Davis
|
Pitching: RHP Bryce Davis
|
|
Batting: RHB Richard Case
|
0-0: Called Strike 0-1: Ground out 1-3 (Groundball, 13)
|
Batting: RHB Juan Magdayao
|
0-0: Ball 1-0: Fly out, F7 (Flyball, 7LM)
|
Batting: RHB José Ortega
|
0-0: Ball 1-0: Called Strike 1-1: Ball 2-1: Called Strike 2-2: Ball 3-2: Strikes out looking
|
Bottom of the 1st over - 0 run(s), 0 hit(s), 0 error(s), 0 left on base; Rio Grande 1 - Reading 0 |
TOP OF THE 2ND |
Rio Grande Rattlesnake batting - Pitching for Reading Rainbows : RHP Matt Barlow
|
Batting: RHB Iván De Jesús
|
0-0: Fly out, F7 (Flyball, 7LMF)
|
Batting: RHB Jeff Bane
|
0-0: Ball 1-0: Swinging Strike 1-1: Fly out, F3 (Line Drive, 34)
|
Batting: SHB Brian Moyer
|
0-0: Ball 1-0: Called Strike 1-1: Ball 2-1: Called Strike 2-2: Ball 3-2: Base on Balls
|
Batting: RHB Juan López
|
0-0: Called Strike 0-1: Foul Ball, location: 2F 0-2: Foul Ball, location: 2F 0-2: Ground out 1-3 (Groundball, P)
|
Top of the 2nd over - 0 run(s), 0 hit(s), 0 error(s), 1 left on base; Rio Grande 1 - Reading 0 |
BOTTOM OF THE 2ND |
Reading Rainbows batting - Pitching for Rio Grande Rattlesnake : RHP Bryce Davis
|
Batting: LHB Richard Henry
|
0-0: SINGLE (Line Drive, 9S)
|
Batting: RHB Jeff Townsley
|
0-0: Ball 1-0: Swinging Strike 1-1: Foul Ball, location: 2F 1-2: Fly out, F8 (Flyball, 8RM)
|
Batting: RHB José Moreno
|
0-0: Ball 1-0: Foul Ball, location: 2F 1-1: Called Strike 1-2: Foul Ball, location: 2F 1-2: Ball 2-2: Ball 3-2: SINGLE (Groundball, 4MD) Richard Henry to second
|
Batting: SHB Dan Chandler
|
0-0: Ball 1-0: Foul Ball, location: 2F 1-1: Swinging Strike 1-2: Foul Ball, location: 2F 1-2: Ball 2-2: Foul Ball, location: 2F 2-2: Strikes out swinging
|
Batting: RHB Germán Romero
|
0-0: Ball 1-0: Foul Ball, location: 2F 1-1: Ball 2-1: DOUBLE (Line Drive, 7LD) Richard Henry scores José Moreno to third Runner from 3rd tries for Home, SAFE, no throw
|
Batting: RHB Hubert Brown
|
0-0: Called Strike 0-1: Ball 1-1: SINGLE (Groundball, 4M) (infield hit) Germán Romero to third
|
Batting: RHB Richard Case
|
0-0: Ball 1-0: Foul Ball, location: 2F 1-1: Ball 2-1: Ball 3-1: Fly out, F7 (Flyball, 78D)
|
Bottom of the 2nd over - 2 run(s), 4 hit(s), 0 error(s), 2 left on base; Rio Grande 1 - Reading 2 |
TOP OF THE 3RD |
Rio Grande Rattlesnake batting - Pitching for Reading Rainbows : RHP Matt Barlow
|
Batting: SHB Jeremy Holmes
|
0-0: Called Strike 0-1: Swinging Strike 0-2: Ball 1-2: Ball 2-2: Ground out 3-1 (Groundball, 34)
|
Batting: RHB Jaime Delgado
|
0-0: Ball 1-0: Fly out, F9 (Flyball, 9S)
|
Batting: SHB William Daly
|
0-0: Foul Ball, location: 2F 0-1: Swinging Strike 0-2: Foul Ball, location: 2F 0-2: Ball 1-2: SINGLE (Line Drive, 6D)
|
Batting: RHB Gilberto Silva
|
0-0: Swinging Strike 0-1: Swinging Strike 0-2: Strikes out swinging
|
Top of the 3rd over - 0 run(s), 1 hit(s), 0 error(s), 1 left on base; Rio Grande 1 - Reading 2 |
BOTTOM OF THE 3RD |
Reading Rainbows batting - Pitching for Rio Grande Rattlesnake : RHP Bryce Davis
|
Batting: RHB Juan Magdayao
|
0-0: Ball 1-0: Swinging Strike 1-1: Called Strike 1-2: Strikes out swinging
|
Batting: RHB José Ortega
|
0-0: Ball 1-0: Called Strike 1-1: Swinging Strike 1-2: SOLO HOME RUN (Flyball, 7LD), Distance : 363 ft
|
Batting: LHB Richard Henry
|
0-0: SINGLE (Line Drive, 7S)
|
Batting: RHB Jeff Townsley
|
0-0: Called Strike 0-1: Called Strike Richard Henry steals 2nd base 0-2: Foul Ball, location: 2F 0-2: Reached on error, E3 (Groundball, 34) Richard Henry to third
|
Batting: RHB José Moreno
|
0-0: Foul Ball, location: 2F 0-1: Swinging Strike 0-2: Strikes out looking
|
Batting: SHB Dan Chandler
|
0-0: Fly out, F5 (Popup, 6S)
|
Bottom of the 3rd over - 1 run(s), 2 hit(s), 1 error(s), 2 left on base; Rio Grande 1 - Reading 3 |
TOP OF THE 4TH |
Rio Grande Rattlesnake batting - Pitching for Reading Rainbows : RHP Matt Barlow
|
Batting: LHB Claudio Rodríguez
|
0-0: Ball 1-0: Ground out U3 (Groundball, 34)
|
Batting: RHB Iván De Jesús
|
0-0: Ball 1-0: SINGLE (Groundball, 4MD)
|
Batting: RHB Jeff Bane
|
0-0: Foul Ball, location: 2F 0-1: Ball Iván De Jesús steals 2nd base 1-1: Fly out, F7 (Flyball, 7LSF)
|
Batting: SHB Brian Moyer
|
0-0: Ball 1-0: SINGLE (Flyball, 7S) Iván De Jesús to third Runner from 3rd tries for Home, SAFE, no throw
|
Batting: RHB Juan López
|
0-0: Ball 1-0: SINGLE (Line Drive, 7LS) Brian Moyer to second
|
Batting: SHB Jeremy Holmes
|
0-0: Ball 1-0: Called Strike 1-1: Foul Ball, location: 2F 1-2: Foul Ball, location: 2F 1-2: Ball 2-2: Ball 3-2: Reached on error, E4 (Groundball, 4) Brian Moyer to third Juan López to second
|
Batting: RHB Jaime Delgado
|
0-0: Called Strike 0-1: Ball 1-1: Swinging Strike 1-2: Foul Ball, location: 2F 1-2: Foul Ball, location: 2F 1-2: Foul Ball, location: 2F 1-2: Foul Ball, location: 2F 1-2: Ground out U3 (Groundball, 34)
|
Top of the 4th over - 1 run(s), 3 hit(s), 1 error(s), 3 left on base; Rio Grande 2 - Reading 3 |
BOTTOM OF THE 4TH |
Reading Rainbows batting - Pitching for Rio Grande Rattlesnake : RHP Bryce Davis
|
Batting: RHB Germán Romero
|
0-0: Called Strike 0-1: Foul Ball, location: 2F 0-2: Hit by Pitch
|
Batting: RHB Hubert Brown
|
0-0: Foul Ball, location: 2F 0-1: Called Strike Germán Romero steals 2nd base 0-2: Foul Ball, location: 2F 0-2: Foul Ball, location: 2F 0-2: Strikes out looking
|
Batting: RHB Richard Case
|
0-0: Ball 1-0: Called Strike 1-1: Called Strike 1-2: Ball 2-2: 2-RUN HOME RUN (Flyball, 7D), Distance : 357 ft
|
Batting: RHB Juan Magdayao
|
0-0: Called Strike 0-1: Swinging Strike 0-2: Strikes out swinging, 2-3 out at first.
|
Batting: RHB José Ortega
|
0-0: Ball 1-0: Foul Ball, location: 2F 1-1: Foul Ball, location: 2F 1-2: Ball 2-2: Foul Ball, location: 2F 2-2: Ball 3-2: Fly out, F2 (Popup, 56S)
|
Bottom of the 4th over - 2 run(s), 1 hit(s), 0 error(s), 0 left on base; Rio Grande 2 - Reading 5 |
TOP OF THE 5TH |
Rio Grande Rattlesnake batting - Pitching for Reading Rainbows : RHP Matt Barlow
|
Batting: SHB William Daly
|
0-0: Ball 1-0: Ball 2-0: Foul Ball, location: 2F 2-1: Ball 3-1: Swinging Strike 3-2: Ground out 3-1 (Groundball, 34S)
|
Batting: RHB Gilberto Silva
|
0-0: Ball 1-0: Foul Ball, location: 2F 1-1: Swinging Strike 1-2: Foul Ball, location: 2F 1-2: Ball 2-2: Ball 3-2: Fly out, F8 (Line Drive, 8RD)
|
Batting: LHB Claudio Rodríguez
|
0-0: Swinging Strike 0-1: Called Strike 0-2: Ball 1-2: Ground out 4-3 (Groundball, 34D)
|
Top of the 5th over - 0 run(s), 0 hit(s), 0 error(s), 0 left on base; Rio Grande 2 - Reading 5 |
BOTTOM OF THE 5TH |
Reading Rainbows batting - Pitching for Rio Grande Rattlesnake : RHP Bryce Davis
|
Pitching: RHP Nelson Britt
|
|
Batting: LHB Richard Henry
|
0-0: Called Strike 0-1: Foul Ball, location: 2F 0-2: Ball 1-2: Ball 2-2: Foul Ball, location: 2F 2-2: Ground out 5-3 (Groundball, 56)
|
Batting: RHB Jeff Townsley
|
0-0: Ball 1-0: Foul Ball, location: 2F 1-1: Called Strike 1-2: Fly out, F8 (Flyball, 78M)
|
Batting: RHB José Moreno
|
0-0: Foul Ball, location: 2F 0-1: Ball 1-1: Ball 2-1: Reached on error, E1 (Groundball, 13)
|
Batting: SHB Dan Chandler
|
0-0: Ball 1-0: Called Strike José Moreno steals 2nd base 1-1: Ball 2-1: Called Strike 2-2: Strikes out swinging
|
Bottom of the 5th over - 0 run(s), 0 hit(s), 1 error(s), 1 left on base; Rio Grande 2 - Reading 5 |
TOP OF THE 6TH |
Rio Grande Rattlesnake batting - Pitching for Reading Rainbows : RHP Matt Barlow
|
Batting: RHB Iván De Jesús
|
0-0: Called Strike 0-1: SINGLE (Groundball, 56D)
|
Batting: RHB Jeff Bane
|
0-0: Foul Ball, location: 2F 0-1: Ball Iván De Jesús steals 2nd base 1-1: Ball 2-1: Called Strike 2-2: Foul Ball, location: 2F 2-2: Foul Ball, location: 2F 2-2: Foul Ball, location: 2F 2-2: Strikes out swinging
|
Batting: SHB Brian Moyer
|
0-0: 2-RUN HOME RUN (Flyball, 89XD), Distance : 407 ft
|
Batting: RHB Juan López
|
0-0: Ball 1-0: Ball 2-0: Ground out 3-1 (Groundball, 3S)
|
Batting: SHB Jeremy Holmes
|
0-0: Called Strike 0-1: Foul Ball, location: 2F 0-2: Strikes out looking
|
Top of the 6th over - 2 run(s), 2 hit(s), 0 error(s), 0 left on base; Rio Grande 4 - Reading 5 |
BOTTOM OF THE 6TH |
Reading Rainbows batting - Pitching for Rio Grande Rattlesnake : RHP Nelson Britt
|
Batting: RHB Germán Romero
|
0-0: SINGLE (Line Drive, 6MD)
|
Batting: RHB Hubert Brown
|
0-0: Ball 1-0: Foul Ball, location: 2F 1-1: Foul Ball, location: 2F 1-2: Ball 2-2: Foul Ball, location: 2F 2-2: Foul Ball, location: 2F 2-2: Fly out, F7 (Flyball, 78M)
|
Batting: RHB Richard Case
|
0-0: Ball 1-0: Fly out, F7 (Flyball, 7S)
|
Batting: RHB Juan Magdayao
|
0-0: Swinging Strike 0-1: Fielders Choice at 2nd, 6-4 (Groundball, 6)
|
Bottom of the 6th over - 0 run(s), 1 hit(s), 0 error(s), 0 left on base; Rio Grande 4 - Reading 5 |
TOP OF THE 7TH |
Rio Grande Rattlesnake batting - Pitching for Reading Rainbows : RHP Matt Barlow
|
Batting: RHB Jaime Delgado
|
0-0: Called Strike 0-1: Foul Ball, location: 2F 0-2: Fly out, F9 (Flyball, 89S)
|
Batting: SHB William Daly
|
0-0: Called Strike 0-1: Ball 1-1: SINGLE (Groundball, 4D)
|
Batting: RHB Gilberto Silva
|
0-0: Ball 1-0: Ball 2-0: Fly out, F9 (Flyball, 9LDF)
|
Batting: LHB Claudio Rodríguez
|
0-0: Ball William Daly steals 2nd base 1-0: Ball 2-0: Foul Ball, location: 2F 2-1: Foul Ball, location: 2F 2-2: Ball 3-2: Base on Balls
|
Batting: RHB Iván De Jesús
|
0-0: Foul Ball, location: 2F 0-1: Fly out, F9 (Flyball, 9LM)
|
Top of the 7th over - 0 run(s), 1 hit(s), 0 error(s), 2 left on base; Rio Grande 4 - Reading 5 |
BOTTOM OF THE 7TH |
Reading Rainbows batting - Pitching for Rio Grande Rattlesnake : RHP Nelson Britt
|
Batting: RHB José Ortega
|
0-0: Ball 1-0: Swinging Strike 1-1: Swinging Strike 1-2: Ground out 6-3 (Groundball, 6)
|
Batting: LHB Richard Henry
|
0-0: Ball 1-0: Ball 2-0: Called Strike 2-1: Ball 3-1: Ground out 4-3 (Groundball, 34)
|
Batting: RHB Jeff Townsley
|
0-0: Swinging Strike 0-1: Ball 1-1: Called Strike 1-2: Ball 2-2: Ball 3-2: Foul Ball, location: 2F 3-2: SINGLE (Line Drive, 34D)
|
Pinch Hitting: RHB Ron King
|
0-0: Called Strike 0-1: Ball 1-1: Called Strike 1-2: Fly out, F5 (Line Drive, 5S)
|
Bottom of the 7th over - 0 run(s), 1 hit(s), 0 error(s), 1 left on base; Rio Grande 4 - Reading 5 |
TOP OF THE 8TH |
Rio Grande Rattlesnake batting - Pitching for Reading Rainbows : RHP Matt Barlow
|
Now at SS: Ron King
|
|
Batting: RHB Jeff Bane
|
0-0: Ground out 6-3 (Groundball, 6)
|
Batting: SHB Brian Moyer
|
0-0: Swinging Strike 0-1: Foul Ball, location: 2F 0-2: Ball 1-2: Foul Ball, location: 2F 1-2: Ball 2-2: Ball 3-2: Base on Balls
|
Pitching: RHP Cory Powell
|
|
Pinch Runner at 1st Chris Charles:
|
|
Batting: RHB Juan López
|
0-0: Called Strike 0-1: Called Strike 0-2: Ball 1-2: Ball 2-2: SINGLE (Line Drive, 7) Chris Charles to second
|
Pinch Hitting: RHB Paul Martin
|
0-0: Ball 1-0: Called Strike 1-1: Called Strike 1-2: SINGLE (Groundball, 56D) Chris Charles to third Juan López to second Runner from 3rd tries for Home, SAFE, no throw
|
Batting: RHB Jaime Delgado
|
0-0: Ball 1-0: Ball 2-0: Ball 3-0: Base on Balls Juan López to third Paul Martin to second
|
Batting: SHB William Daly
|
0-0: Foul Ball, location: 2F 0-1: Ball Wild Pitch! Juan López scores Paul Martin to third Jaime Delgado to second 1-1: Intentional Walk
|
Pitching: LHP Robert Trent
|
|
Batting: RHB Gilberto Silva
|
0-0: SINGLE (Groundball, 56D) Paul Martin scores Jaime Delgado to third William Daly to second Runner from 3rd tries for Home, SAFE, no throw
|
Batting: LHB Claudio Rodríguez
|
0-0: SINGLE (Groundball, 34D) William Daly to third Gilberto Silva to second Runner from 3rd tries for Home, SAFE, no throw
|
Batting: RHB Iván De Jesús
|
0-0: Ball 1-0: Called Strike 1-1: Ball 2-1: Ball 3-1: Called Strike 3-2: Base on Balls Gilberto Silva to third Claudio Rodríguez to second
|
Batting: RHB Jeff Bane
|
0-0: Called Strike 0-1: Foul Ball, location: 2F 0-2: Ball 1-2: Foul Ball, location: 2F 1-2: Fly out, F5 (Line Drive, 5)
|
Batting: SHB Chris Charles
|
0-0: Fielders Choice at 2nd, 5-4 (Groundball, 5)
|
Top of the 8th over - 5 run(s), 4 hit(s), 0 error(s), 2 left on base; Rio Grande 9 - Reading 5 |
BOTTOM OF THE 8TH |
Reading Rainbows batting - Pitching for Rio Grande Rattlesnake : RHP Nelson Britt
|
Now at SS: Steve Baird
|
|
Batting: SHB Dan Chandler
|
0-0: Called Strike 0-1: Fly out, F7 (Flyball, 7LM)
|
Batting: RHB Germán Romero
|
0-0: Swinging Strike 0-1: Ball 1-1: Called Strike 1-2: Ball 2-2: Foul Ball, location: 2F 2-2: Ball 3-2: Foul Ball, location: 2F 3-2: Strikes out swinging
|
Batting: RHB Hubert Brown
|
0-0: Called Strike 0-1: Swinging Strike 0-2: Ball 1-2: Fly out, F9 (Flyball, 9)
|
Bottom of the 8th over - 0 run(s), 0 hit(s), 0 error(s), 0 left on base; Rio Grande 9 - Reading 5 |
TOP OF THE 9TH |
Rio Grande Rattlesnake batting - Pitching for Reading Rainbows : LHP Robert Trent
|
Batting: RHB Juan López
|
0-0: Ball 1-0: Called Strike 1-1: Foul Ball, location: 2F 1-2: Strikes out swinging
|
Pitching: RHP Luis Silva
|
|
Batting: RHB Steve Baird
|
0-0: Ball 1-0: Fly out, F9 (Flyball, 89S)
|
Batting: RHB Jaime Delgado
|
0-0: Called Strike 0-1: Swinging Strike 0-2: Foul Ball, location: 2F 0-2: Ball 1-2: Strikes out looking
|
Top of the 9th over - 0 run(s), 0 hit(s), 0 error(s), 0 left on base; Rio Grande 9 - Reading 5 |
BOTTOM OF THE 9TH |
Reading Rainbows batting - Pitching for Rio Grande Rattlesnake : RHP Nelson Britt
|
Batting: RHB Richard Case
|
0-0: Ball 1-0: Foul Ball, location: 2F 1-1: Swinging Strike 1-2: Ball 2-2: Foul Ball, location: 2F 2-2: Hit by Pitch
|
Batting: RHB Juan Magdayao
|
0-0: Ball 1-0: Ball 2-0: Called Strike 2-1: Swinging Strike 2-2: Strikes out swinging
|
Batting: RHB José Ortega
|
0-0: Foul Ball, location: 2F 0-1: Ball 1-1: Swinging Strike 1-2: Strikes out swinging
|
Batting: LHB Richard Henry
|
0-0: SINGLE (Line Drive, 9S) Richard Case to second
|
Pitching: RHP Adrián Mora
|
|
Batting: RHB Jeff Townsley
|
0-0: DOUBLE (Line Drive, 8RXD) Richard Case scores Richard Henry to third Runner from 3rd tries for Home, throw and OUT!
|
Bottom of the 9th over - 1 run(s), 2 hit(s), 0 error(s), 1 left on base; Rio Grande 9 - Reading 6 |
|